 Dungeon Crawl Stone Soup version 0.22-a0-149-g870e420 (webtiles) character file.

151 mhoghedin the Conjurer (level 5, -1/28 HPs)
             Began as a Kobold Conjurer on Feb 7, 2018.
             Killed by divine providence
             ... invoked by an orc priest
              (11 damage)
             ... on level 3 of the Dungeon.
             The game lasted 00:04:48 (2556 turns).

mhoghedin the Conjurer (Kobold Conjurer)            Turns: 2556, Time: 00:04:48

Health: -1/28      AC:  3    Str:  5    XL:     5   Next: 59%
Magic:  10/10      EV: 15    Int: 18    God:
Gold:   154        SH:  0    Dex: 15    Spells: 1/11 levels left

rFire    . . .     SeeInvis .   l - +3 dagger
rCold    . . .     Gourm    .   (shield restricted)
rNeg     . . .     Faith    .   a - +0 robe
rPois    .         Spirit   .   (no helmet)
rElec    .         Reflect  .   (no cloak)
rCorr    .         Harm     .   n - +0 pair of gloves
MR       .....                  (no boots)
Stlth    ++........             (no amulet)
HPRegen  0.09/turn              e - ring of flight {+Fly, !d}
MPRegen  0.12/turn              (no ring)

@: no status effects
A: small, carnivore
a: Evoke Flight


You were on level 3 of the Dungeon.
You were very full.

You visited 1 branch of the dungeon, and saw 3 of its levels.

You collected 154 gold pieces.

Inventory:

Hand Weapons
 d - a +0 dagger
   (You took it off a goblin on level 1 of the Dungeon)
 l - a +3 dagger (weapon)
   (You found it on level 1 of the Dungeon)
Armour
 a - a +0 robe (worn)
 n - a +0 pair of gloves (worn)
   (You found it on level 2 of the Dungeon)
 o - a +0 helmet
   (You found it on level 3 of the Dungeon)
Jewellery
 e - a ring of flight (left hand) {+Fly, !d}
   (You found it on level 1 of the Dungeon)
Scrolls
 g - a scroll of enchant weapon {unknown}
 h - a scroll of enchant armour {unknown}
 j - a scroll of magic mapping {!r}
 k - a scroll of teleportation {unknown}
 m - a scroll of remove curse
 p - 2 scrolls of blinking {unknown}
Potions
 f - a potion of resistance
 i - 3 potions of lignification {!q}
Books
 b - a book of Conjurations
Comestibles
 c - 2 rations


   Skills:
 - Level 2.5 Dodging
 - Level 2.6 Stealth
 + Level 3.8 Spellcasting
 + Level 5.1 Conjurations
 + Level 1.9 Hexes


You had one spell level left.
You knew the following spells:

 Your Spells              Type           Power        Failure   Level  Hunger
a - Magic Dart            Conj           ###.         1%          1    None
b - Searing Ray           Conj           ###...       2%          2    ##.....
c - Dazzling Spray        Conj/Hex       ###...       11%         3    ###....
x - Iskenderun's Mystic   Conj           ###.....     19%         4    ####...


Dungeon Overview and Level Annotations

Branches:
Dungeon (3/15)

Altars:
Cheibriados
Ru


Innate Abilities, Weirdness & Mutations

You are small and have problems with some larger weapons.
You are carnivorous and can eat meat at any time.


Message History

The searing ray hits the worm.
You now have 7/10 mp.
The searing ray hits the worm.
You now have 6/10 mp.
The searing ray hits the worm.
You kill the worm!
You finish channeling your searing ray.
You now have 5/10 mp.
You see here a worm corpse.
A kobold comes into view. It is wielding a dagger.
You regained 2 mp, and now have 7/10 mp.
A kobold is nearby!
A kobold is nearby!
The helpless kobold fails to defend itself.
You puncture the kobold!
You kill the kobold!
No target in view!
No target in view!
No target in view!
No target in view!
No target in view!
No target in view!
No target in view!
No target in view!
No target in view!
No target in view!
No target in view!
You see here a dagger.
Found a stone staircase leading up.
You see here a dagger.
You see here a worm corpse.
You see here a rat corpse.
You now have 154 gold pieces (gained 14).
h - a scroll labeled XUSI JEIDGHEBOL Health restored: 28; MP restored: 10 No target in view!
A bat comes into view.
A bat is nearby!
The bat hits you.
You take 1 damage, and have 27/28 hp.
You hit the bat but do no damage. The bat hits you but does no damage.
The bat barely misses you.
Health restored: 28 You hit the bat.
The bat hits you but does no damage.
No target in view!
No target in view!
No target in view!
No target in view!
No target in view!
No target in view!
No target in view!
No target in view!
No target in view!
No target in view!
No target in view!
No target in view!
No target in view!
No target in view!
The bat hits you but does no damage.
A bat is nearby!
You closely miss the bat. The bat misses you. The bat misses you.
The bat misses you.
The bat hits you but does no damage. x2; The bat closely misses you.
You barely miss the bat. The bat closely misses you.
You hit the bat.
You kill the bat!
No target in view!
No target in view!
No target in view!
No target in view!
No target in view!
No target in view!
No target in view!
No target in view!
No target in view!
No target in view!
No target in view!
No target in view!
No target in view!
No target in view!
o - a helmet You see here a dagger.
There is a stone staircase leading down here.
There is an open door here.
A worm comes into view.
A kobold comes into view.
An orc priest comes into view. It is wielding a mace.
The orc priest shouts!
The orc priest looks encouraged for a moment.
You hit the worm.
The orc priest invokes the aid of Beogh against you.
Beogh smites you!
Ouch! That really hurt!
The worm bites you.
You take 19 damage, and have 9/28 hp.
MASSIVE DAMAGE!!
The orc priest invokes the aid of Beogh against you.
Beogh smites you!
You die...

....... #..... .....#
###.... .....# #.....#
.....# #..K..# .....#
#..o..# .8...##.
.####.....#
..รท..##.#.......w# #
.....##.#######..#.#
......#.# #...@..#
......#.# #......#
........# #......#
.....#..#####......#
............'.........
.8..#...#####......###
....#..>### #......#
....#.....# .......#
....#.....##.......#


You could see a worm, an orc priest and a kobold.

Vanquished Creatures
  Natasha (D:2)
  2 orc wizards (D:3)
  An adder (D:2)
  An ooze (D:2)
  A worm (D:3)
  A dart slug (D:2)
  7 orcs (D:3)
  5 bats
  3 goblins (D:1)
  5 hobgoblins
  4 jackals (D:2)
  A quokka (D:2)
  2 ball pythons (D:1)
  3 frilled lizards
  4 kobolds
  6 rats
47 creatures vanquished.

Notes
Turn   | Place    | Note
-------+----------+-------------------------------------------
     0 | D:1      | mhoghedin the Kobold Conjurer began the quest for the Orb.
     0 | D:1      | Reached XP level 1. HP: 10/10 MP: 3/3
   161 | D:1      | HP: 1/10 [hobgoblin/club (6)]
   166 | D:1      | Reached XP level 2. HP: 2/15 MP: 0/5
   705 | D:1      | Learned a level 2 spell: Searing Ray
   755 | D:2      | Reached XP level 3. HP: 18/19 MP: 7/7
   803 | D:2      | Reached skill level 3 in Spellcasting
  1044 | D:2      | Found a sacrificial altar of Ru.
  1080 | D:2      | Noticed Natasha
  1267 | D:2      | Learned a level 3 spell: Dazzling Spray
  1556 | D:2      | Killed Natasha
  1556 | D:2      | Reached XP level 4. HP: 11/24 MP: 2/9
  1799 | D:3      | Reached skill level 1 in Hexes
  1799 | D:3      | Reached XP level 5. HP: 11/28 MP: 10/10
  2162 | D:3      | Learned a level 4 spell: Iskenderun's Mystic Blast
  2177 | D:3      | Reached skill level 5 in Conjurations
  2373 | D:3      | Found a snail-covered altar of Cheibriados.
  2556 | D:3      | Killed from afar by an orc priest

Vault maps used:
D:1:      giann_wishing_wells
D:2:      nicolae_ru_path_of_blood, uniq_natasha
D:3:      wad_pebble_path, cheibriados_altar_1

Skill      XL: |  1  2  3  4  5 |
---------------+----------------+-----
Spellcasting   | 3 |  3.8
Hexes          | 1 |  1.9
Conjurations   | 5 |  5.1
Dodging        | |  2.5
Stealth        | |  2.6

Action                   |  1- 3 |  4- 6 || total
-------------------------+-------+-------++-------
Melee: Dagger            |    17 |    51 ||    68
 Cast: Magic Dart        |    26 |       ||    26
       Searing Ray       |     5 |     5 ||    10
  Use: Scroll            |     3 |       ||     3
       Potion            |       |     3 ||     3
 Stab: Sleeping          |     1 |     2 ||     3
  Eat: Chunk             |     3 |    10 ||    13
Armor: Robe              |     1 |     9 ||    10
Dodge: Dodged            |    26 |    35 ||    61

Table legend:
 A = Spawn XP
 B = Non-spawn XP
 C = Spawn XP percentage of total XP
 D = Spawn monster count
 E = Non-spawn monster count
 F = Spawn count percentage of total count
 G = Total turns spent on level
                    A         B        C        D         E        F      G
               +---------+---------+-------+---------+---------+-------+---------
         Total |       0 |     216 |   0.0 |       0 |      47 |   0.0 |  2556
               +---------+---------+-------+---------+---------+-------+---------
           D:1 |       0 |      26 |   0.0 |       0 |      17 |   0.0 |   895
           D:2 |       0 |      74 |   0.0 |       0 |      12 |   0.0 |   834
           D:3 |       0 |     116 |   0.0 |       0 |      18 |   0.0 |   827
               +---------+---------+-------+---------+---------+-------+---------

Vault maps used:
D:1:      giann_wishing_wells
D:2:      nicolae_ru_path_of_blood, uniq_natasha
D:3:      wad_pebble_path, cheibriados_altar_1

Table legend:
 A = Turns spent in this place as a percentage of turns spent in the entire game.
 B = Non-inter-level travel turns spent in this place as a percentage of non-inter-level travel turns spent in the entire game.
 C = Inter-level travel turns spent in this place as a percentage of turns spent in this place.
 D = Turns resting spent in this place as a percentage of non-inter-level travel turns spent in this place.
 E = Turns spent auto-exploring this place as a percentage of non-inter-level travel turns spent in this place.
 F = Non-inter-level travel turns spent in this place divided by the number of levels of this place that you've seen.
                   A       B       C       D       E      F
               +-------+-------+-------+-------+-------+----------------------
         Total | 100.0 | 100.0 |   1.3 |  47.1 |  36.7 | 841.0
       Dungeon | 100.0 | 100.0 |   1.3 |  47.1 |  36.7 | 841.0
               +-------+-------+-------+-------+-------+----------------------

Table legend:
 A = Kills in this place as a percentage of kills in entire the game.
 B = Kills by you in this place as a percentage of kills by you in the entire game.
 C = Kills by friends in this place as a percentage of kills by friends in the entire game.
 D = Other kills in this place as a percentage of other kills in the entire game.
 E = Experience gained in this place as a percentage of experience gained in the entire game.
 F = Experience gained in this place divided by the number of levels of this place that you have seen.
                   A       B       C       D       E      F
               +-------+-------+-------+-------+-------+----------------------
         Total | 100.0 | 100.0 |   N/A |   N/A | 100.0 |  72.0
       Dungeon | 100.0 | 100.0 |   N/A |   N/A | 100.0 |  72.0
               +-------+-------+-------+-------+-------+----------------------
